 Dungeon Crawl Stone Soup version 0.28.0-47-ge53b351184 (webtiles) character file.

Game seed: 14538730070997248949

39 Peloso the Shield-Bearer (level 3, 33/33 HPs)
             Began as a Minotaur Fighter on Apr 29, 2022.
             Got out of the dungeon alive.
             The game lasted 00:01:51 (846 turns).

Peloso the Shield-Bearer (Minotaur Fighter)          Turns: 846, Time: 00:01:52

Health: 33/33      AC:  7    Str: 22    XL:     3   Next: 26%
Magic:  2/2        EV:  9    Int:  5    God:
Gold:   25         SH:  4    Dex: 11    Spells: 2/2 levels left

rFire   . . .      SeeInvis .   a - +0 long sword
rCold   . . .      Faith    .   c - +0 buckler
rNeg    . . .      Spirit   .   b - +0 scale mail
rPois   .          Reflect  .   (helmet restricted)
rElec   .          Harm     .   (no cloak)
rCorr   .          Rampage  .   (no gloves)
Will    .....      Rage     1%  (no boots)
Stlth   ..........              (no amulet)
HPRegen 0.11/turn               (no ring)
MPRegen 0.08/turn               (no ring)

@: no status effects
A: horns 2, retaliatory headbutt, berserk 1, sense surroundings 1, strong 1
a: no special abilities


You escaped.
You visited 1 branch of the dungeon, and saw 1 of its levels.

You collected 25 gold pieces.

Inventory:

Hand Weapons
 a - a +0 long sword (weapon)
Armour
 b - a +0 scale mail (worn)
 c - a +0 buckler (worn)
Scrolls
 e - 2 scrolls of identify {unknown}
 f - a scroll of teleportation {unknown}
 h - a scroll of noise {unknown}
 i - 3 scrolls of fog {unknown}
Potions
 d - a potion of might
 k - a potion of heal wounds {unknown}


   Skills:
 + Level 4.0 Fighting
 + Level 3.3 Long Blades
 + Level 4.0 Armour
 + Level 4.1 Shields


You had 2 spell levels left.
You didn't know any spells.
Your spell library was empty.

Dungeon Overview and Level Annotations

Branches:
Dungeon (1/15)

Altars:


Innate Abilities, Weirdness & Mutations

You have a pair of horns on your head.
You reflexively headbutt those who attack you in melee.
You tend to lose your temper in combat.
You passively map a small area around you.
Your muscles are strong. (Str +2)


Message History

A ball python is nearby!
A ball python is nearby!
A ball python is nearby!
You closely miss the ball python. The ball python bites you.
The ball python grabs you. The ball python constricts you.
You closely miss the ball python. The ball python bites you.
The ball python constricts you. You block the ball python's attack.
The ball python constricts you.
You closely miss the ball python. You block the ball python's attack.
The ball python constricts you.
You slash the ball python!
You kill the ball python!
You see here a ball python corpse.
An endoplasm comes into view.
The endoplasm quivers.
An endoplasm is nearby!
An endoplasm is nearby!
The endoplasm hits you.
You see here a smoky amethyst potion.
You hit the endoplasm but do no damage. You headbutt the endoplasm.
You kill the endoplasm!
j - a smoky amethyst potion
k - a viscous green potion
Found a stone staircase leading down.
Done exploring.
Done exploring.
Done exploring.
Done exploring.
It was a potion of haste.
You feel yourself speed up.
It was a potion of mutation.
You feel extremely strange.
You feel a little pissed off.
You feel stronger.
You feel a strange attunement to the structure of the dungeons.
(D) Dungeon
Where to? (? - help)
What level of the Dungeon? (default 1, ? - help)
Your extra speed is starting to run out.
You feel yourself slow down.
There is a staircase leading out of the dungeon here.
Are you sure you want to leave the Dungeon?
This will make you lose the game!
You have escaped!

..........†..##### #..##.#
#...##8###8#.## #####...#>###
#...########..## #.....#.#.#..
8...8###.#.#...######.####...##.#
#...##..............#.# ##.###.#
#...#####.....#####...# #.# #.#
#...#######..#.....#..## ##.###..
8...8#......#.......#..###...##..
#...#####..#....@....#..##.......
#...# ###(.#.......#..###.......
##.## #.....#.....#...####.###..
#.### #.###..#####..............
#...# #.# ##.........###...###.#
#.#.# #.# ###...#.........# #..
##.#.# #.# #.#......#....# ###
#....###.### #.######.#.#..#
#..........# #.# #.#.#..#####


There were no monsters in sight!

Vanquished Creatures
  2 dart slugs (D:1)
  3 endoplasms (D:1)
  3 giant cockroaches (D:1)
  2 goblins (D:1)
  4 hobgoblins (D:1)
  4 jackals (D:1)
  2 kobolds (D:1)
  4 ball pythons (D:1)
  3 bats (D:1)
  2 frilled lizards (D:1)
  3 rats (D:1)
32 creatures vanquished.

Notes
Turn   | Place    | Note
-------+----------+-------------------------------------------
     0 | D:1      | Peloso the Minotaur Fighter began the quest for the Orb.
     0 | D:1      | Reached XP level 1. HP: 19/19 MP: 0/0
    70 | D:1      | Reached XP level 2. HP: 17/26 MP: 1/1
   458 | D:1      | Reached XP level 3. HP: 33/33 MP: 2/2
   798 | D:1      | Gained mutation: You tend to lose your temper in combat.
                  | [potion of mutation]
   798 | D:1      | Gained mutation: Your muscles are strong. (Str +2) [potion
                  | of mutation]
   798 | D:1      | Gained mutation: You passively map a small area around you.
                  | [potion of mutation]
   846 | D:$      | Got out of the dungeon alive.

Illustrated notes

Levels and vault maps discovered:
D:1:      scummos_arrival_hexagon, layout_loops_ring, corexii_hall_statues_x

Skill      XL: |  1  2  3 |
---------------+----------+-----
Shields        | 4 |  4.1
Long Blades    | 3 |  3.3
Fighting       | 4 |  4.0
Armour         | 4 |  4.0

Action                   || total
-------------------------++-------
Melee: Long sword        ||    66
       Headbutt          ||     8
  Use: Potion            ||     2
Armor: Scale mail        ||    46
Dodge: Dodged            ||    34
Block: Buckler           ||    28
